[Event "Titled Tuesday Blitz March 21 Late 2023"]
[White "JackRodgers"]
[Black "rionelG"]
[WhiteElo "2473"]
[BlackElo "2285"]
[Result "1-0"]
[Round "04"]
[TimeControl "180+2"]
[Date "2023.03.21"]
[WhiteClock "0:01:31"]
[BlackClock "0:00:08"]

1. d4 Nf6 2. Bg5 g6 3. Bxf6 exf6 4. e3 d5 5. h4 h5 6. g3 Bg7 7. Bg2 O-O 8. Nd2 c6 9. b3 Re8 10. Ne2 Bg4 11. O-O Nd7 12. c4 dxc4 13. bxc4 Bxe2 14. Qxe2 f5 15. Qd3 Nc5 16. Qc2 Ne6 17. Rab1 Qd7 18. c5 Rab8 19. Nc4 Red8 20. Rfd1 Nc7 21. Nd6 b5 22. cxb6 axb6 23. Nc4 b5 24. Na5 Rbc8 25. Bxc6 Nd5 26. Rdc1 Qe6 27. Bxd5 Rxc2 28. Bxe6 Rxc1+ 29. Rxc1 fxe6 30. Rc2 Bf8 31. Nc6 Ra8 32. Ne5 Kg7 33. Nd7 Be7 34. Nc5 Kf7 35. Kf1 Ra3 36. Nb3 b4 37. Ke2 g5 38. hxg5 Bxg5 39. Kd3 Be7 40. Kc4 Ra8 41. Kb5 Rb8+ 42. Ka6 Rh8 43. Nc5 h4 44. gxh4 Rxh4 45. Kb5 f4 46. Kxb4 e5 47. Kb5 fxe3 48. fxe3 exd4 49. exd4 Rxd4 50. a4 Bxc5 51. Rxc5 Ke7 52. a5 Rd1 53. Kc6 Rd6+ 54. Kb7 Kd7 55. a6 Rd1 56. Rb5 Rc1 57. a7 Rc7+ 58. Ka6 Rc6+ 59. Rb6 Rc8 60. Rb8 Rc1 61. a8=Q 1-0


[Site "https://www.chess.com"]

[Event "Titled Tuesday Blitz March 21 Late 2023"]
[White "Todev, Simeon"]
[Black "Khandelwal, Ankush"]
[WhiteFideId "2925133"]
[BlackFideId "413470"]
[WhiteElo "1938"]
[BlackElo "2263"]
[Result "1-0"]
[Round "04"]
[TimeControl "180+2"]
[Date "2023.03.21"]
[WhiteClock "0:00:20"]
[BlackClock "0:00:52"]

1. e4 c5 2. Nf3 d6 3. c3 e5 4. d4 exd4 5. cxd4 cxd4 6. Nxd4 Nf6 7. Nc3 d5 8. exd5 Nxd5 9. Bb5+ Ke7 10. Nf5+ Bxf5 11. Nxd5+ Ke6 12. Qe2+ Kxd5 13. Qc4+ Ke5 14. Bf4+ Kf6 15. Qc3+ Ke6 16. Qc4+ Ke7 17. Qc5+ Kf6 18. Qc3+ Ke7 19. Qe5+ Be6 20. Qc5+ Kf6 21. Qg5# 1-0


[Site "https://www.chess.com"]

[Event "Titled Tuesday Blitz March 21 Late 2023"]
[White "Donskov, Anatoly"]
[Black "Elaisaz"]
[WhiteFideId "24143413"]
[WhiteElo "2247"]
[BlackElo "2274"]
[Result "1-0"]
[Round "04"]
[TimeControl "180+2"]
[Date "2023.03.21"]
[WhiteClock "0:00:02"]
[BlackClock "0:00:01"]

1. e4 c5 2. Nf3 d6 3. d4 cxd4 4. Nxd4 Nf6 5. Nc3 g6 6. Be3 Bg7 7. f3 O-O 8. Bc4 Nc6 9. Qd2 Bd7 10. O-O-O Ne5 11. Bb3 Rc8 12. h4 Nc4 13. Bxc4 Rxc4 14. h5 Nxh5 15. g4 Nf6 16. Qh2 Qa5 17. Nd5 h5 18. Nxe7+ Kh7 19. Kb1 Bxg4 20. fxg4 Nxg4 21. Qe2 Nxe3 22. Qxe3 Qe5 23. Nef5 gxf5 24. Rxh5+ Kg8 25. c3 Qxe4+ 26. Qxe4 fxe4 27. Nf5 Rc7 28. Rg1 f6 29. Nh6+ Kh7 30. Nf5+ Kg8 31. Rh4 Re8 32. Rhg4 Kf8 33. Nxg7 Re5 34. Kc2 e3 35. Kd1 e2+ 36. Ke1 d5 37. R1g2 Rce7 38. R2g3 f5 39. Rg5 f4 40. Rg2 f3 41. Rxe5 1-0


[Site "https://www.chess.com"]

[Event "Titled Tuesday Blitz March 21 Late 2023"]
[White "Dudzinski, Pawel"]
[Black "Harish, Neeraj"]
[WhiteFideId "1117890"]
[BlackFideId "30958130"]
[WhiteElo "2099"]
[BlackElo "1963"]
[Result "0-1"]
[Round "04"]
[TimeControl "180+2"]
[Date "2023.03.21"]
[WhiteClock "0:00:37"]
[BlackClock "0:00:25"]

1. e4 e5 2. Nf3 Nc6 3. d4 exd4 4. Nxd4 Bc5 5. Nxc6 Qf6 6. Qf3 dxc6 7. Bc4 Be6 8. Qxf6 Nxf6 9. Bxe6 fxe6 10. f3 Ke7 11. Ke2 Rad8 12. Nd2 e5 13. Nc4 Ke6 14. Be3 Bxe3 15. Nxe3 g6 16. Rad1 a5 17. a4 Rd6 18. Nc4 Rxd1 19. Rxd1 b6 20. g3 Nd7 21. Rxd7 Kxd7 22. Nxe5+ Ke6 23. Nxc6 Kd6 24. Nd4 Re8 25. Kd3 Kc5 26. c3 Kd6 27. f4 c5 28. Nf3 Kc6 29. Ne5+ Kd6 30. Ke3 Re7 31. h4 Ke6 32. Nc4 Rb7 33. g4 Rb8 34. f5+ Ke7 35. Kf4 Rd8 36. Nxb6 Rd2 37. Nd5+ Kf7 38. e5 Rxd5 39. e6+ Ke7 40. Ke4 Rd1 41. Ke5 Re1+ 42. Kd5 gxf5 43. gxf5 Kf6 44. Kxc5 Kxf5 45. b4 axb4 46. cxb4 Kxe6 47. Kc6 Rc1+ 48. Kb6 Kd6 49. a5 Kd7 50. a6 Kc8 51. Ka7 Kc7 52. b5 Rb1 53. h5 Rxb5 54. Ka8 Rxh5 55. a7 Kd7 56. Kb7 Rb5+ 57. Ka6 Rb1 58. a8=Q Ra1+ 59. Kb7 Rxa8 60. Kxa8 h5 61. Kb7 h4 62. Kb6 h3 0-1


[Site "https://www.chess.com"]

[Event "Titled Tuesday Blitz March 21 Late 2023"]
[White "Stanisz, Patryk"]
[Black "Huber, Benedikt"]
[WhiteFideId "1123106"]
[BlackFideId "12923583"]
[WhiteElo "2069"]
[BlackElo "2199"]
[Result "0-1"]
[Round "04"]
[TimeControl "180+2"]
[Date "2023.03.21"]
[WhiteClock "0:00:04"]
[BlackClock "0:01:12"]

1. d4 e6 2. c4 f5 3. Nc3 Nf6 4. Nf3 Bb4 5. Bg5 h6 6. Bxf6 Qxf6 7. Qc2 b6 8. e3 Bb7 9. Be2 O-O 10. a3 Bxc3+ 11. Qxc3 d6 12. O-O-O Nd7 13. Rhg1 Qe7 14. Nd2 Nf6 15. f3 e5 16. dxe5 dxe5 17. Nb3 a5 18. Kb1 a4 19. Nc1 Nd7 20. Nd3 e4 21. fxe4 Bxe4 22. Ka1 Qg5 23. Nf4 Nc5 24. h4 Qf6 25. Qxf6 Rxf6 26. g4 fxg4 27. Bxg4 Re8 28. Bd7 Re7 29. Bh3 Re8 30. Bd7 Rd8 31. Bh3 Rfd6 32. Rxd6 Rxd6 33. Ka2 Bc2 34. Bg2 Bb3+ 35. Kb1 Bxc4 36. h5 Rd2 37. Bf1 Rd1+ 0-1


[Site "https://www.chess.com"]

[Event "Titled Tuesday Blitz March 21 Late 2023"]
[White "Thiel, Thomas"]
[Black "Fernandez, Maria Florencia"]
[WhiteFideId "4615964"]
[BlackFideId "116459"]
[WhiteElo "2261"]
[BlackElo "2155"]
[Result "1-0"]
[Round "04"]
[TimeControl "180+2"]
[Date "2023.03.21"]
[WhiteClock "0:00:16"]
[BlackClock "0:00:01"]

1. e4 d6 2. d4 Nf6 3. Nc3 g6 4. Bc4 Bg7 5. Qe2 O-O 6. e5 Nfd7 7. e6 fxe6 8. Bxe6+ Kh8 9. Nf3 Nf6 10. Ng5 Qe8 11. h4 Nc6 12. Bxc8 Rxc8 13. Ne6 Rg8 14. Bd2 Qf7 15. O-O-O Nh5 16. g4 Nf6 17. f3 Nd7 18. h5 Nxd4 19. Nxd4 Bxd4 20. hxg6 Rxg6 21. Qe4 Bg7 22. Qxb7 Qe8 23. Rh5 Nc5 24. Qd5 Qg8 25. Rdh1 Qxd5 26. Rxh7+ Kg8 27. Nxd5 Kf8 28. Bh6 Bxh6+ 29. R1xh6 Rxh6 30. Rxh6 Kg7 31. Rh5 e6 32. Nf4 Rf8 33. Rxc5 Rxf4 34. Rxc7+ Kf6 35. Rc3 Ra4 36. a3 d5 37. Re3 e5 38. Kd2 Ra6 39. Rd3 d4 40. Rb3 Rc6 41. Kd3 a6 42. c3 dxc3 43. Rxc3 Rb6 44. b4 Rd6+ 45. Ke3 Ke6 46. Rc5 Kf6 47. Ra5 Rc6 48. Ke4 1-0


[Site "https://www.chess.com"]

[Event "Titled Tuesday Blitz March 21 Late 2023"]
[White "Tworuszka, Michal"]
[Black "Wang, Alexander J"]
[WhiteFideId "1117858"]
[BlackFideId "30955270"]
[WhiteElo "2446"]
[BlackElo "2258"]
[Result "1/2-1/2"]
[Round "04"]
[TimeControl "180+2"]
[Date "2023.03.21"]
[WhiteClock "0:00:53"]
[BlackClock "0:00:47"]

1. e4 c5 2. Nf3 d6 3. d4 cxd4 4. Nxd4 Nf6 5. Nc3 g6 6. Be3 Bg7 7. f3 O-O 8. Qd2 Nc6 9. O-O-O d5 10. Nxc6 bxc6 11. Bh6 Be6 12. Bxg7 Kxg7 13. e5 Nd7 14. f4 Rb8 15. Bd3 Qb6 16. b3 Nc5 17. h4 Nxd3+ 18. Qxd3 Bf5 19. Qd4 h5 20. Qxb6 axb6 21. a4 e6 22. Kb2 b5 23. axb5 cxb5 24. Rd4 Rfc8 25. Rc1 Rc5 26. Na2 Rbc8 27. Nb4 Be4 28. c3 Bxg2 29. Nd3 R5c7 30. Rb4 Be4 31. Nf2 Rc5 32. Nxe4 dxe4 33. Rxe4 Rd5 34. Rd4 Rcd8 35. Rxd5 Rxd5 36. c4 bxc4 37. bxc4 Rc5 38. Kc3 Kf8 39. Kb4 Rc8 40. c5 Ke8 41. c6 Kd8 42. Kc5 Kc7 43. Rb1 Rf8 44. Rb7+ Kc8 45. Kd6 Rd8+ 46. Rd7 Rxd7+ 47. cxd7+ Kd8 48. Kc6 g5 49. fxg5 f6 50. gxf6 1/2-1/2


[Site "https://www.chess.com"]

[Event "Titled Tuesday Blitz March 21 Late 2023"]
[White "olga-belka"]
[Black "aidenzhouu"]
[WhiteElo "2245"]
[BlackElo "2444"]
[Result "0-1"]
[Round "04"]
[TimeControl "180+2"]
[Date "2023.03.21"]
[WhiteClock "0:00:01"]
[BlackClock "0:00:05"]

1. e4 c6 2. d4 d5 3. exd5 cxd5 4. Bd3 Nf6 5. h3 g6 6. Nf3 Bg7 7. O-O Bf5 8. Be2 Nc6 9. c3 Qc7 10. Re1 e6 11. Be3 h6 12. Nbd2 g5 13. Nh2 O-O-O 14. b4 Bf8 15. a4 Bd6 16. Nhf1 Rdg8 17. b5 Na5 18. c4 dxc4 19. Nxc4 Nxc4 20. Rc1 Kb8 21. Rxc4 Qe7 22. b6 a6 23. Bf3 g4 24. hxg4 Bxg4 25. Bxg4 Nxg4 26. d5 Ne5 27. Re4 f5 28. Rd4 Ng4 29. dxe6 Be5 30. Rd7 Qh4 31. g3 Nf6 32. Qf3 Nxd7 33. exd7 Qe4 34. Qd1 Qc6 35. Bc1 Bd6 36. Bb2 Rh7 37. Qd4 Rxd7 38. Rd1 Rgd8 39. Rc1 Qe4 40. Qf6 Be5 41. Bxe5+ Ka8 42. Bf4 Qd3 43. Ne3 Qe4 44. Qc3 Qe8 45. Qc4 Rd2 46. Nxf5 Rd1+ 47. Rxd1 Rxd1+ 48. Kg2 Qc6+ 49. Qxc6 bxc6 50. a5 c5 51. Nd6 Rb1 52. b7+ Ka7 53. Be3 Kb8 54. Bxc5 Kc7 0-1


[Site "https://www.chess.com"]

[Event "Titled Tuesday Blitz March 21 Late 2023"]
[White "Grot, Blazej"]
[Black "Lauridsen, Jesper Morch"]
[WhiteFideId "21835845"]
[BlackFideId "1401890"]
[WhiteElo "1823"]
[BlackElo "2256"]
[Result "0-1"]
[Round "04"]
[TimeControl "180+2"]
[Date "2023.03.21"]
[WhiteClock "0:01:17"]
[BlackClock "0:00:13"]

1. e4 c5 2. Nc3 e6 3. g3 d5 4. exd5 exd5 5. Bg2 d4 6. Ne4 Nc6 7. d3 Be6 8. Nf3 Be7 9. O-O Qd7 10. Neg5 Bd5 11. Re1 h6 12. Ne4 O-O-O 13. Bf4 f5 14. Ned2 g5 15. Ne5 Nxe5 16. Bxe5 Nf6 17. b4 Bxg2 18. Kxg2 cxb4 19. Nc4 g4 20. Qd2 Qd5+ 21. Kg1 Nh7 22. Bf4 Ng5 23. Bxg5 hxg5 24. Rxe7 Rxh2 25. Re4 Rdh8 26. Kf1 fxe4 27. Qxb4 Rh1+ 28. Ke2 exd3+ 29. Kd2 Rxa1 30. Nd6+ Kb8 31. Nb5 dxc2 32. Kxc2 Rc8+ 33. Kd3 Rd1+ 34. Ke2 Qf3# 0-1


[Site "https://www.chess.com"]

[Event "Titled Tuesday Blitz March 21 Late 2023"]
[White "Meissner, Felix"]
[Black "Vadim_Galchenko"]
[WhiteFideId "24671827"]
[WhiteElo "2350"]
[BlackElo "2176"]
[Result "1-0"]
[Round "04"]
[TimeControl "180+2"]
[Date "2023.03.21"]
[WhiteClock "0:00:19"]
[BlackClock "0:00:02"]

1. e4 e6 2. Nf3 d5 3. Nc3 d4 4. Ne2 c5 5. d3 Nc6 6. c4 e5 7. g3 Be7 8. h4 Bg4 9. Bh3 Qd7 10. Bxg4 Qxg4 11. Nh2 Qe6 12. a3 Nf6 13. f4 Nd7 14. f5 Qd6 15. Nf3 g6 16. g4 f6 17. Ng3 O-O-O 18. h5 gxh5 19. Nxh5 Rdg8 20. Rg1 Nd8 21. Bd2 Nf7 22. b4 b6 23. b5 Bf8 24. Qc1 Nb8 25. a4 a5 26. bxa6 Nxa6 27. a5 Nb4 28. Bxb4 cxb4 29. a6 Kb8 30. Qc2 Ka7 31. Qa4 Be7 32. Nd2 Nh6 33. c5 bxc5 34. Nc4 Qc7 35. g5 Rxg5 36. Rxg5 fxg5 37. Ng7 Rb8 38. Ne6 Qc8 39. Na5 Rb6 40. Nc4 Rxa6 41. Qd1 Rxa1 42. Qxa1+ Qa6 43. Qd1 g4 44. Qc1 Bh4+ 45. Kf1 Qa2 46. Nd2 Be7 47. Nxc5 Nf7 48. Ncb3 Bd6 49. Qc6 Qa6 50. Qd7+ Qb7 51. Qa4+ Qa6 52. Qe8 Qxd3+ 53. Kg2 Qh3+ 54. Kg1 Qg3+ 55. Kh1 Qe1+ 56. Kg2 Qe2+ 57. Kg1 Qe3+ 58. Kg2 Qe2+ 59. Kg3 Qe3+ 60. Kxg4 Qg5+ 61. Kf3 Qh5+ 62. Kf2 Qh4+ 63. Ke2 Qe7 64. Qa4+ Kb8 65. Nc4 Qc7 66. Qb5+ Qb7 67. Qe8+ Ka7 68. Nba5 Qc7 69. Nc6+ Kb7 70. N6a5+ Ka7 71. Qb5 h5 72. Nc6+ Ka8 73. Qa6+ Qa7 74. Qxa7# 1-0


[Site "https://www.chess.com"]

[Event "Titled Tuesday Blitz March 21 Late 2023"]
[White "Cueto, Jonny"]
[Black "Przybylski, Wojciech"]
[WhiteFideId "3300145"]
[BlackFideId "1117599"]
[WhiteElo "2234"]
[BlackElo "2222"]
[Result "0-1"]
[Round "04"]
[TimeControl "180+2"]
[Date "2023.03.21"]
[WhiteClock "0:00:16"]
[BlackClock "0:01:41"]

1. d4 Nf6 2. Bf4 Rg8 3. Nf3 b6 4. Nbd2 Bb7 5. e3 d6 6. Bd3 h6 7. e4 g5 8. Bg3 e6 9. Qe2 Nbd7 10. O-O-O g4 11. Nh4 Qe7 12. a4 Nh5 13. f3 Nxg3 14. hxg3 Bg7 15. Nb3 O-O-O 16. a5 Qg5+ 17. f4 Qe7 18. axb6 axb6 19. Ba6 Nb8 20. Bxb7+ Kxb7 21. c3 d5 22. e5 h5 23. Kc2 Qd7 24. Ra1 Qc6 25. Ra2 Qc4 26. Qd2 Nc6 27. Qd3 Nb4+ 0-1


[Site "https://www.chess.com"]

[Event "Titled Tuesday Blitz March 21 Late 2023"]
[White "Piriflillo"]
[Black "Bongo Akanga Ndjila, Barthelemy"]
[BlackFideId "10609431"]
[WhiteElo "2431"]
[BlackElo "1768"]
[Result "1-0"]
[Round "04"]
[TimeControl "180+2"]
[Date "2023.03.21"]
[WhiteClock "0:01:26"]
[BlackClock "0:00:09"]

1. d4 d5 2. c4 e6 3. Nc3 a6 4. cxd5 exd5 5. Bf4 c6 6. e3 Bd6 7. Bg3 Nf6 8. Bd3 Be6 9. Nf3 Qc7 10. Bxd6 Qxd6 11. Ne5 Nbd7 12. f4 Nb6 13. O-O g6 14. f5 gxf5 15. Bxf5 Bxf5 16. Rxf5 Nbd7 17. Qf3 O-O 18. Rf1 Ne8 19. Nxf7 Qe7 20. Qg3+ Ng7 21. Nh6+ Kh8 22. Rf7 Rae8 23. Qxg7# 1-0


[Site "https://www.chess.com"]

[Event "Titled Tuesday Blitz March 21 Late 2023"]
[White "Bullen, Alex"]
[Black "Forgacs, Attila Jr."]
[WhiteFideId "1801627"]
[BlackFideId "773654"]
[WhiteElo "2088"]
[BlackElo "2168"]
[Result "0-1"]
[Round "04"]
[TimeControl "180+2"]
[Date "2023.03.21"]
[WhiteClock "0:00:03"]
[BlackClock "0:00:08"]

1. d4 a6 2. e4 b5 3. a4 b4 4. c3 bxc3 5. Nxc3 Bb7 6. Bc4 e6 7. Qe2 Nf6 8. Bg5 h6 9. Bh4 Be7 10. Nf3 Nc6 11. d5 Na5 12. dxe6 fxe6 13. Ba2 O-O 14. Rd1 Qe8 15. O-O Bb4 16. Bg3 Bxc3 17. bxc3 Nxe4 18. Bxc7 Nxc3 19. Qc2 Nxd1 20. Bxa5 Bxf3 21. gxf3 Qh5 22. Qxd1 Qxa5 23. Qxd7 Kh8 24. Qxe6 Rf6 25. Qe4 Raf8 26. Bb1 g6 27. Rd1 Qf5 28. Qe7 Qxf3 29. Rd2 Qg4+ 30. Kh1 Qg5 31. Rd7 Qc1+ 32. Kg2 Rxf2+ 33. Kg3 Qg1+ 34. Kh3 Qg2+ 35. Kh4 R2f4# 0-1


[Site "https://www.chess.com"]

[Event "Titled Tuesday Blitz March 21 Late 2023"]
[White "ilya2700"]
[Black "Dzierzak, Radoslaw"]
[BlackFideId "1161407"]
[WhiteElo "2137"]
[BlackElo "2166"]
[Result "1-0"]
[Round "04"]
[TimeControl "180+2"]
[Date "2023.03.21"]
[WhiteClock "0:00:03"]
[BlackClock "0:00:01"]

1. e4 c6 2. d4 d5 3. Nc3 dxe4 4. Nxe4 Bf5 5. Ng3 Bg6 6. h4 h6 7. Bc4 e6 8. h5 Bh7 9. Nf3 Nd7 10. c3 Ngf6 11. Qe2 Be7 12. Ne5 Nxe5 13. dxe5 Nd5 14. Ne4 Qb6 15. Bb3 Bxe4 16. Qxe4 Bc5 17. Qe2 a5 18. Bc2 a4 19. a3 Qa7 20. Rh4 b5 21. Rg4 O-O-O 22. c4 Nc7 23. Bd2 Bxf2+ 24. Kf1 Bd4 25. cxb5 cxb5 26. Be4 Kb8 27. Rc1 f5 28. exf6 gxf6 29. Rg7 Bb6 30. Be3 Rc8 31. Bxb6 Qxb6 32. Rc6 Qd4 33. Rcxc7 Rxc7 34. Qxb5+ Kc8 35. Qa6+ Kd8 36. Qa8+ Rc8 37. Qa5+ Ke8 38. Qb5+ Kf8 39. Rb7 Rc1+ 40. Ke2 Qc4+ 41. Bd3 Qxb5 42. Rxb5 Kg7 43. Ra5 Rf8 44. Rxa4 Rf7 45. Ra6 e5 46. b4 Re7 47. b5 Rec7 48. Be4 Rb1 49. Bf3 Rxb5 50. Ke3 Rb3+ 51. Kf2 Rcc3 52. a4 f5 53. Bc6 Rb2+ 54. Kg1 Rcc2 55. Bd5 e4 56. Rg6+ Kf8 57. Be6 Ke7 58. Bxf5 e3 59. Bxc2 e2 60. Rg7+ Kf6 61. Rg6+ Ke5 62. Kf2 Rxc2 63. Rg8 e1=Q+ 64. Kxe1 Ra2 65. Rg6 Rxa4 66. Rxh6 Kf5 67. Rg6 Rh4 68. Rg8 Kf6 69. g4 Rh2 70. Rg6+ Kf7 71. Kf1 Rh3 72. Kg1 Rg3+ 73. Kh2 Ra3 74. Kg2 Rb3 75. Rg5 Kf6 76. Rf5+ Kg7 77. Rf3 Rb2+ 78. Kg3 Kh6 79. Rf4 Rb3+ 80. Kh4 Rb5 81. g5+ Kg7 82. Re4 Rb3 83. Rc4 Rb7 84. h6+ Kg6 85. Rc6+ Kh7 86. Kh5 Kh8 87. Kg6 Rb8 88. Ra6 Rg8+ 89. Kh5 Rb8 90. Ra7 Rc8 91. Kg6 Rc6+ 92. Kh5 Rc8 93. Rf7 Rd8 94. Rf6 Rc8 95. Rd6 Rb8 96. Rf6 Ra8 97. g6 Ra5+ 98. Kg4 Ra4+ 99. Kg5 Ra5+ 100. Rf5 Ra8 101. h7 Rd8 102. Kh6 Re8 103. g7# 1-0


[Site "https://www.chess.com"]

[Event "Titled Tuesday Blitz March 21 Late 2023"]
[White "marik_spb"]
[Black "Ricaurte Lopez, Juan Carlos"]
[BlackFideId "3600327"]
[WhiteElo "2421"]
[BlackElo "2209"]
[Result "1-0"]
[Round "04"]
[TimeControl "180+2"]
[Date "2023.03.21"]
[WhiteClock "0:00:04"]
[BlackClock "0:00:09"]

1. d4 d6 2. c4 e5 3. dxe5 dxe5 4. Qxd8+ Kxd8 5. g3 c6 6. Bg2 Be6 7. b3 Nd7 8. Nf3 f6 9. Nc3 Kc7 10. Bb2 Rd8 11. O-O-O Nh6 12. h3 Nf7 13. Nd2 Be7 14. f4 exf4 15. gxf4 Bc5 16. Rhf1 f5 17. e4 Be3 18. Rf3 Bd4 19. e5 Nc5 20. Kc2 Rd7 21. Ndb1 Rhd8 22. Rg3 g6 23. h4 Nh6 24. Ne2 Bxb2 25. Rxd7+ Rxd7 26. Kxb2 Ng4 27. Kc3 Rd1 28. Nd2 Re1 29. Nd4 Bc8 30. b4 Ne6 31. Nxe6+ Bxe6 32. a3 Rg1 33. h5 gxh5 34. Nf1 h4 35. Rh3 Rxg2 36. Rxh4 Rf2 37. Rxh7+ Kb8 38. Nd2 Rxf4 39. Re7 Bc8 40. c5 b5 41. cxb6 axb6 42. Nc4 Re4 43. Nxb6 Rxe5 44. Rf7 Be6 45. Rf8+ Kc7 46. Na4 Re3+ 47. Kd2 Rxa3 48. Nc5 Bd5 49. Rh8 Ne5 50. Rh7+ Kb6 51. Rb7# 1-0


[Site "https://www.chess.com"]

[Event "Titled Tuesday Blitz March 21 Late 2023"]
[White "Michalski, Olaf"]
[Black "Foerster-Yialamas, Lucas"]
[WhiteFideId "1106740"]
[BlackFideId "30901774"]
[WhiteElo "2173"]
[BlackElo "2067"]
[Result "1/2-1/2"]
[Round "04"]
[TimeControl "180+2"]
[Date "2023.03.21"]
[WhiteClock "0:00:01"]
[BlackClock "0:00:04"]

1. d4 c6 2. c4 e5 3. dxe5 Qa5+ 4. Nc3 Qxe5 5. Nf3 Qc7 6. g3 Nf6 7. Bf4 Qb6 8. Qd2 Bb4 9. Qe3+ Qxe3 10. Bxe3 d5 11. cxd5 Nxd5 12. Bd2 Nxc3 13. Bxc3 Bxc3+ 14. bxc3 O-O 15. Bg2 Na6 16. O-O Nc5 17. Nd4 Be6 18. a4 Bc4 19. Rfe1 a5 20. e4 b5 21. Nxc6 Nxa4 22. Re3 Rfe8 23. e5 Ra6 24. Nd4 b4 25. Bc6 Rxc6 26. Nxc6 Nxc3 27. Nxa5 Bd5 28. Rc1 Ra8 29. Rexc3 bxc3 30. Rxc3 g5 31. Rc5 Bf3 32. h4 g4 33. Kf1 Rd8 34. Rc1 Kg7 35. Ke1 Kg6 36. Nc6 Rd5 37. Ne7+ Kg7 38. Nxd5 Bxd5 39. Rc5 Be6 40. Kd2 Kg6 41. Ke3 Kf5 42. Kd4 Bb3 43. Rc8 Ke6 44. Rh8 Bc2 45. Rg8 Bg6 46. Rg7 Bf5 47. Rg5 f6 48. exf6 Kxf6 49. Rg8 Ke6 50. Rb8 Bc2 51. Rb6+ Kf7 52. Ke3 Bd1 53. Kf4 Be2 54. Kg5 Bd1 55. Rb7+ Kg8 56. Kf6 h6 57. Kg6 Bc2+ 58. Kxh6 Be4 59. Kg5 Bxb7 60. Kxg4 Bc8+ 61. Kg5 Kg7 62. f4 Bb7 63. f5 Bc8 64. g4 Kh7 65. Kf6 Ba6 66. Ke7 Bc4 67. g5 Bd5 68. h5 Bf3 69. h6 Bh5 70. f6 Kg8 71. h7+ Kxh7 72. f7 Kg6 73. f8=Q Kxg5 74. Qg7+ Kh4 75. Qf7 Bxf7 1/2-1/2


[Site "https://www.chess.com"]

[Event "Titled Tuesday Blitz March 21 Late 2023"]
[White "Oliveira, Tiago Batista"]
[Black "Perez Rodriguez, Jennifer"]
[WhiteFideId "2108291"]
[BlackFideId "3507831"]
[WhiteElo "1962"]
[BlackElo "2170"]
[Result "0-1"]
[Round "04"]
[TimeControl "180+2"]
[Date "2023.03.21"]
[WhiteClock "0:00:01"]
[BlackClock "0:00:54"]

1. d4 d5 2. c4 c6 3. Nf3 Nf6 4. Qc2 e6 5. g3 Nbd7 6. Bg2 Bd6 7. O-O O-O 8. Nbd2 dxc4 9. e4 Bc7 10. Rd1 b5 11. e5 Nd5 12. Ne4 h6 13. g4 Re8 14. g5 hxg5 15. Nexg5 Nf8 16. Qe4 f5 17. Qh4 Re7 18. Kh1 Qe8 19. Rg1 g6 20. Bh3 Rg7 21. Rg2 Bd8 22. Bd2 b4 23. Rag1 a5 24. Qh6 c3 25. bxc3 bxc3 26. Bc1 Rb8 27. Ba3 Nf4 28. Bd6 Rbb7 29. Rg3 c2 30. Nxe6 N4xe6 31. Bxf8 Qxf8 32. Rxg6 Rxg6 33. Qxg6+ Rg7 0-1


[Site "https://www.chess.com"]

[Event "Titled Tuesday Blitz March 21 Late 2023"]
[White "dorpato"]
[Black "Davidson, Kevin"]
[BlackFideId "2056810"]
[WhiteElo "1988"]
[BlackElo "2151"]
[Result "1-0"]
[Round "04"]
[TimeControl "180+2"]
[Date "2023.03.21"]
[WhiteClock "0:00:10"]
[BlackClock "0:00:02"]

1. d4 Nf6 2. c4 g6 3. Nc3 Bg7 4. e4 d6 5. Nf3 O-O 6. Be2 e5 7. Be3 Ng4 8. Bg5 f6 9. Bc1 f5 10. h3 Nxf2 11. Kxf2 fxe4 12. Nxe4 Qh4+ 13. Ke3 Bf5 14. g4 exd4+ 15. Kd3 Bxe4+ 16. Kxe4 Nc6 17. Nxh4 Nb4 18. Bf4 g5 19. Nf5 Rae8+ 20. Kf3 gxf4 21. Kxf4 Re3 22. Bf3 Nc6 23. Re1 Be5+ 24. Kg5 Rf6 25. Rxe3 Rg6+ 26. Kh5 dxe3 27. Bd5+ Kf8 28. Qf3 Bf6 29. Nh6 Kg7 30. h4 1-0


[Site "https://www.chess.com"]

[Event "Titled Tuesday Blitz March 21 Late 2023"]
[White "Martic, Ivan"]
[Black "Gerbelli Neto, Eduardo"]
[WhiteFideId "929301"]
[BlackFideId "2103281"]
[WhiteElo "2360"]
[BlackElo "2178"]
[Result "1-0"]
[Round "04"]
[TimeControl "180+2"]
[Date "2023.03.21"]
[WhiteClock "0:00:10"]
[BlackClock "0:00:01"]

1. d4 d5 2. Bf4 Nf6 3. e3 Bf5 4. c4 c6 5. Nc3 Qb6 6. Qb3 Qxb3 7. axb3 dxc4 8. bxc4 Nbd7 9. h3 e6 10. Nf3 Bb4 11. Nd2 O-O 12. Be2 Rfe8 13. g4 Bg6 14. g5 Nh5 15. Bh2 e5 16. d5 Be7 17. h4 f6 18. Rg1 Nb6 19. Bg4 a6 20. Be6+ Kf8 21. Ke2 Bb4 22. Rgc1 Rad8 23. Nde4 f5 24. Nd2 Bxc3 25. Rxc3 cxd5 26. cxd5 Nxd5 27. Bxd5 Rxd5 28. Rc7 Re7 29. Rac1 f4 30. e4 Rdd7 31. Rc8+ Kf7 32. f3 Ke6 33. R1c5 Bf7 34. Nc4 Rd4 35. Rxe5+ Kd7 36. Rxe7+ Kxe7 37. Rc7+ Ke8 38. Ne5 Be6 39. Bg1 Ra4 40. Bc5 Ra2 41. Re7+ Kd8 42. Rxe6 Rxb2+ 43. Kd3 b6 44. Bxb6+ 1-0


[Site "https://www.chess.com"]

[Event "Titled Tuesday Blitz March 21 Late 2023"]
[White "Gallegos Diaz, Carlos Alberto"]
[Black "Quinones Garcia, Santiago"]
[WhiteFideId "3900886"]
[BlackFideId "4408497"]
[WhiteElo "2362"]
[BlackElo "2263"]
[Result "1-0"]
[Round "04"]
[TimeControl "180+2"]
[Date "2023.03.21"]
[WhiteClock "0:00:34"]
[BlackClock "0:01:11"]

1. e4 e5 2. Nf3 Nc6 3. Bb5 a6 4. Ba4 Nf6 5. O-O Be7 6. Re1 b5 7. Bb3 O-O 8. d3 Bb7 9. a3 d5 10. exd5 Nxd5 11. Nxe5 Nxe5 12. Rxe5 Nf6 13. Nc3 c5 14. Bg5 Qc7 15. Qe2 Bd6 16. Bxf6 Bxe5 17. Qxe5 Qxe5 18. Bxe5 Rfe8 19. Bd6 Rac8 20. Bd5 Bxd5 21. Nxd5 Rcd8 22. Ne7+ Kh8 23. Bxc5 Rc8 24. d4 Rxc5 25. dxc5 Rxe7 26. Rd1 g6 27. Kf1 Re5 28. b4 Re4 29. Rd6 a5 30. c3 a4 31. Rb6 Rc4 32. Rxb5 Rxc3 33. Ra5 Rxa3 34. c6 Kg7 35. c7 Rc3 36. Rc5 1-0


[Site "https://www.chess.com"]

[Event "Titled Tuesday Blitz March 21 Late 2023"]
[White "Balla, Tamas-Kristof"]
[Black "Leschinsky, Gary"]
[WhiteFideId "1208497"]
[BlackFideId "30951321"]
[WhiteElo "2334"]
[BlackElo "1855"]
[Result "1-0"]
[Round "04"]
[TimeControl "180+2"]
[Date "2023.03.21"]
[WhiteClock "0:00:05"]
[BlackClock "0:00:15"]

1. e4 c5 2. Nf3 d6 3. d4 cxd4 4. Qxd4 Nf6 5. c4 Nc6 6. Qe3 g6 7. Nc3 Bg7 8. Be2 O-O 9. O-O Ng4 10. Qd2 b6 11. b3 Bb7 12. Bb2 Rc8 13. Nd5 Bxb2 14. Qxb2 e6 15. Nc3 a6 16. Rfd1 Qc7 17. h3 Nge5 18. Rac1 Rfd8 19. Nd5 Nxf3+ 20. Bxf3 exd5 21. cxd5 Qe7 22. dxc6 Bxc6 23. Qd4 b5 24. Rxc6 Rxc6 25. e5 Rcc8 26. exd6 Qg5 27. Bg4 Rc2 28. d7 Qc5 29. Qf6 Qc7 30. Qg5 Rc5 31. Qh6 f5 32. Bf3 Rxd7 33. Re1 Re5 34. Rc1 Rc5 35. Re1 Re7 36. Rd1 Rg7 37. Bd5+ Kh8 38. Qg5 Qe7 39. Qf4 Rc8 40. Bf3 Rd8 41. Rc1 Qd6 42. Qg5 Qe7 43. Qf4 Rgg8 44. Qg3 Qf6 45. Qf4 Rge8 46. Rf1 Re7 47. Qb4 Rd4 48. Qa5 Red7 49. Qa3 Kg7 50. Qa5 Qd6 51. Qc3 Rc7 52. Qe3 Qf4 53. Qe1 Rdd7 54. Qa5 Qd4 55. Qxa6 Qc5 56. Qa5 Re7 57. Qa8 b4 58. Qd8 Ra7 59. Qd3 Rxa2 60. Rd1 Raa7 61. Qd8 Rad7 62. Rxd7 Qc1+ 63. Kh2 Qf4+ 64. g3 Rxd7 65. Qxd7+ 1-0


[Site "https://www.chess.com"]